 Dungeon Crawl Stone Soup version 0.26.1 (webtiles) character file.

Game seed: 7292446565911898361

148 Gadfly the Chopper (level 5, -1/41 HPs)
             Began as a Demonspawn Monk on Feb 5, 2021.
             Slain by a worm (9 damage)
             ... on level 3 of the Dungeon.
             The game lasted 00:03:52 (2529 turns).

Gadfly the Chopper (Demonspawn Monk)                Turns: 2529, Time: 00:03:52

Health: -1/41      AC: 12    Str: 12    XL:     5   Next: 8%
Magic:  7/7        EV: 11    Int: 12    God:
Gold:   82         SH:  0    Dex: 15    Spells: 4/4 levels left

rFire    . . .     SeeInvis .   a - +1 hand axe
rCold    . . .     Faith    .   (no shield)
rNeg     . . .     Spirit   .   b - +1 ring mail
rPois    .         Reflect  .   (no helmet)
rElec    .         Harm     .   (no cloak)
rCorr    .         Rampage  .   (no gloves)
Will     .....                  (no boots)
Stlth    +.........             d - amulet of magic regeneration
HPRegen  0.13/turn              j - ring of wizardry
MPRegen  0.35/turn              (no ring)

@: sanguine armour
A: spiny 1, sanguine armour 1
a: no special abilities


You were on level 3 of the Dungeon.
You visited 1 branch of the dungeon, and saw 3 of its levels.

You collected 82 gold pieces.

Inventory:

Hand Weapons
 a - a +1 hand axe (weapon)
Armour
 b - a +1 ring mail (worn)
Jewellery
 d - an amulet of magic regeneration (around neck)
 j - a ring of wizardry (left hand)
Scrolls
 f - a scroll of teleportation
 g - a scroll of fear
 i - 3 scrolls of remove curse
 l - a scroll of identify
Potions
 c - a potion of attraction
 e - 2 potions of curing
 h - a potion of lignification {unknown}


   Skills:
 + Level 3.0 Fighting
 * Level 3.1 Axes
 * Level 2.1 Armour
 - Level 2.6 Dodging
 - Level 1.7 Stealth
 + Level 3.1 Invocations
 * Level 2.3 Evocations


You had 4 spell levels left.
You didn't know any spells.
Your spell library was empty.

Dungeon Overview and Level Annotations

Branches:
Dungeon (3/15)

Altars:
Ru

Portals:
Sewer: D:3


Innate Abilities, Weirdness & Mutations

You are partially covered in sharp spines.
When seriously injured, your bleeding wounds create armour. (AC +6)


Message History

You hit the river rat but do no damage. The river rat closely misses you.
The worm is struck by your spines.
You kill the worm!
The river rat barely misses you. The rat completely misses you.
The worm bites you.
You see here a ball python corpse.
You hit the river rat but do no damage.
The river rat is moderately wounded.
You hit the rat but do no damage. You barely miss the worm.
The river rat misses you. The rat is struck by your spines.
You kill the rat!
The river rat is struck by your spines. The river rat bites you!
* * * LOW HITPOINT WARNING * * *
Okay, then.
The river rat bites you!
* * * LOW HITPOINT WARNING * * *
It was a potion of curing.
You feel better.
The river rat bites you but does no damage.
The worm bites you!
You die...

############.#####
#..........)......
#.###############.
#.# #.# #.# #.#
#.# #@## #wr#
#≈†...# #≈≈≈..#
#≈≈≈..# #≈≈≈≈.#
#∩≈≈≈≈# #######


You could see a worm and a river rat.

Vanquished Creatures
  A howler monkey (D:2)
  5 adders
  2 worms (D:3)
  2 orcs (D:3)
  A ball python (D:3)
  5 giant cockroaches
  7 hobgoblins
  8 kobolds
  10 bats
  2 frilled lizards (D:1)
  7 goblins
  8 rats
58 creatures vanquished.

Vanquished Creatures (others)
  5 plants (D:2)
5 creatures vanquished.

Grand Total: 63 creatures vanquished

Notes
Turn   | Place    | Note
-------+----------+-------------------------------------------
     0 | D:1      | Gadfly the Demonspawn Monk began the quest for the Orb.
     0 | D:1      | Reached XP level 1. HP: 18/18 MP: 1/1
     3 | D:1      | Noticed an electric eel
     4 | D:1      | Noticed an electric eel
   186 | D:1      | Reached skill level 1 in Invocations
   192 | D:1      | Gained mutation: When seriously injured, your bleeding
                  | wounds create armour. (AC +6) [demonic ancestry]
   192 | D:1      | Reached XP level 2. HP: 17/24 MP: 2/2
   534 | D:1      | Reached skill level 1 in Evocations
  1018 | D:2      | Reached skill level 1 in Armour
  1020 | D:2      | Gained mutation: You are partially covered in sharp spines.
                  | [demonic ancestry]
  1020 | D:2      | Reached XP level 3. HP: 18/29 MP: 2/4
  1614 | D:2      | Reached XP level 4. HP: 33/35 MP: 5/5
  1681 | D:2      | Found a sacrificial altar of Ru.
  2484 | D:3      | Reached XP level 5. HP: 35/41 MP: 7/7
  2517 | D:3      | Found a glowing drain.
  2528 | D:3      | HP: 1/41 [river rat (7)]
  2529 | D:3      | Slain by a worm

Illustrated notes

Levels and vault maps discovered:
D:1:      arrival_aquarium_b, layout_loops_ring
D:2:      layout_rooms, old_standard_altar, serial_forest,
          infiniplex_forest_corner_1, infiniplex_forest_lined_2,
          infiniplex_forest_lined_room_, infiniplex_forest_clump_diagonal,
          infiniplex_forest_clump_diagonal, infiniplex_forest_3_way
D:3:      layout_loops_ring, portal_sewer_entry_b

Skill      XL: |  1  2  3  4 |
---------------+-------------+-----
Invocations    | 1 2 3 |  3.1
Evocations     | 1 2 |  2.3
Armour         | 1 2 |  2.1
Axes           | 3 |  3.1
Fighting       | |  3.0
Dodging        | |  2.6
Stealth        | |  1.7

Action                   |  1- 3 |  4- 6 || total
-------------------------+-------+-------++-------
Melee: Hand axe          |    88 |    43 ||   131
  Use: Scroll            |     4 |     5 ||     9
       Potion            |       |     1 ||     1
 Stab: Sleeping          |     3 |       ||     3
Armor: Robe              |    15 |       ||    15
       Ring mail         |       |     8 ||     8
Dodge: Dodged            |    65 |    36 ||   101
